 Dungeon Sprint DCSS version 0.30-a0-800-g7c544603b3 (webtiles) character file.

Game seed: 15148946526403156773

75261 retardedninja the Axe Maniac (level 15, -7/174 HPs)
             Began as a Minotaur Berserker on Feb 21, 2023.
             Was the Champion of Trog.
             Mangled by Mennas
             ... wielding a +1 sacred scourge of holy wrath
              (9 damage)
             ... in the Dungeon (Sprint IX: "|||||||||||||||||||||||||||||").
             The game lasted 00:13:24 (7876 turns).

retardedninja the Axe Maniac (Minotaur Berserker)   Turns: 7876, Time: 00:13:24

Health: -7/174     AC: 29    Str: 28    XL:     15   Next: 9%
Magic:  4/4        EV: 20    Int:  4    God:    Trog [******]
Gold:   495        SH:  5    Dex: 11    Spells: 14/14 levels left

rFire   . . .      SeeInvis .    o - +4 executioner's axe (antimagic)
rCold   . . .      Faith    .    (shield currently unavailable)
rNeg    . . .      Spirit   .    j - +0 plate armour
rPois   .          Reflect  +    (helmet restricted)
rElec   .          Harm     .    (no cloak)
rCorr   .          Rampage  .    a - +2 pair of gloves
Will    +....      NoTele   +    x - +1 pair of boots Stlth
                                 i - amulet of reflection
HPRegen 0.49/turn                e - +5 ring of evasion
MPRegen 0.09/turn                l - +2 ring of protection

@: glowing, silenced
A: horns 2, retaliatory headbutt
a: Renounce Religion


You were in the Dungeon.
You worshipped Trog.
Trog was exalted by your worship.
You visited 1 branch You collected 963 gold pieces.
You spent 468 gold pieces at shops.

Inventory:

Hand Weapons
 m - the +9 broad axe "Siukimuc" {flame, Contam rElec Str+3}
   (Trog gifted it to you in the Dungeon)

   Str:       It affects your strength (+3).
   rElec:     It insulates you from electricity.
   Contam:    It causes magical contamination when unequipped.
 o - a +4 antimagic executioner's axe (weapon)
 u - the +8 trishula "Condemnation" {holy, anguish, *Noise Fly rN+}
   (You found it in the Dungeon)

   rN:        It protects you from negative energy.
   Fly:       It grants you flight.
   *Noise:    It may make noises in combat.
Armour
 a - a +2 pair of gloves (worn)
 j - a +0 plate armour (worn)
 x - a +1 pair of boots (worn)
Jewellery
 e - a +5 ring of evasion (left hand)
 i - an amulet of reflection (around neck)
 l - a +2 ring of protection (right hand)
Wands
 g - a wand of mindburst (11)
Scrolls
 h - 6 scrolls of blinking
 n - a scroll of fear
Potions
 b - a potion of mutation
 c - 7 potions of curing
 f - 4 potions of magic


   Skills:
 O Level 27 Fighting
 O Level 27 Axes
 + Level 23.3 Armour
 + Level 18.0 Dodging
 + Level 4.6 Stealth
 + Level 14.8 Shields
 + Level 9.1 Evocations


You had 14 spell levels left.
You didn't know any spells.
Your spell library was empty.

Dungeon Overview and Level Annotations

Branches:
Dungeon (1/1)

Altars:
Cheibriados
Dithmenos
Elyvilon
Fedhas
Gozag
Hepliaklqana
Kikubaaqudgha
Makhleb
Nemelex Xobeh
Okawaru
Qazlal
Ru
Sif Muna
Trog
Uskayaw
Vehumet
Wu Jian
Xom
Yredelemnul
Zin
The Shining One
Jiyva
Lugonu

Shops:
D =::*

Annotations:
D Mennas


Innate Abilities, Weirdness & Mutations

You have a pair of horns on your head.
You reflexively headbutt those who attack you in melee.


Message History

You bump into the unnaturally hard rock wall.
Jory hits you with a +6 great sword!
* * * LOW HITPOINT WARNING * * *
Jory bites you.
* * * LOW HITPOINT WARNING * * *
Jory draws strength from your injuries!
Mennas gestures frantically.
Mennas's surroundings become eerily quiet.
You are too confused!
You carve Jory like a ham!!!
You destroy Jory!
Trog accepts your kill.
Trog appreciates your killing of a magic user.
Your Dodging skill increases to level 18!
You bump into the unnaturally hard rock wall.
Mennas hits you with a +1 sacred scourge of holy wrath.
* * * LOW HITPOINT WARNING * * *
Mennas misses you.
You bump into the unnaturally hard rock wall.
Mennas misses you. Mennas hits you but does no damage.
Mennas hits you with a +1 sacred scourge of holy wrath.
* * * LOW HITPOINT WARNING * * *
Mennas misses you. Mennas blocks your attack.
Your headbutt misses Mennas.
You feel less confused. Mennas closely misses you.
Mennas completely misses you. Mennas blocks your attack.
Your headbutt misses Mennas.
Mennas hits you with a +1 sacred scourge of holy wrath!!
* * * LOW HITPOINT WARNING * * *
You block Mennas's attack. Mennas blocks your attack.
Mennas shakes his head sadly.
Mennas hits you with a +1 sacred scourge of holy wrath.
* * * LOW HITPOINT WARNING * * *
You block Mennas's attack.
You feel better.
Mennas hits you with a +1 sacred scourge of holy wrath!
* * * LOW HITPOINT WARNING * * *
Mennas hits you with a +1 sacred scourge of holy wrath!
You die...

▓.▓.▓.▓.▓.▓.▓.▓)▓.
▓.▓)▓.▓.▓.▓.▓.▓.▓.
▓.▓)▓†▓.▓.▓.▓)▓.▓.
▓.▓)▓.▓.▓.▓.▓)▓.▓.
▓.▓.▓.▓'▓.▓.▓.▓.▓.
▓.▓.▓)▓)▓.▓.▓.▓.▓.
▓.▓.▓(▓.▓.▓.▓.▓.▓.
▓.▓.▓[▓.▓.▓.▓.▓)▓.
▓@▓.▓[▓[▓.▓[▓.▓)▓.
▓A▓.▓.▓(▓.▓.▓.▓)▓.
▓.▓.▓.▓=▓.▓[▓.▓)▓.
▓.▓.▓.▓.▓.▓[▓.▓)▓.
▓.▓.▓.▓.▓.▓[▓.▓)▓.
▓.▓.▓.▓)▓.▓[▓.▓.▓.
▓.▓.▓.▓'▓.▓[▓.▓.▓.
▓.▓.▓.♣.♣.▓.▓.▓.▓.
▓.▓.♣.♣.▓.▓.▓.▓.


You could see Mennas (silencing).

Vanquished Creatures
  A royal mummy (D)
  Saint Roka (D)
  Jory (D)
  A quicksilver dragon (D)
  2 sphinxes (D)
  4 fire giants (D)
  A tengu reaver (D)
  2 frost giants (D)
  A vault warden (D)
  An orc warlord (D)
  An ironbound thunderhulk (D)
  An ironbound preserver (D)
  A stone giant (D)
  A vampire knight (D)
  A bunyip (D)
  A red draconian (D)
  2 spark wasps (D)
  3 ettins (D)
  2 yaktaur captains (D)
  A merfolk impaler (D)
  An ice dragon (D)
  A rakshasa (D)
  A ghost crab (D)
  3 hydras (D)
  A great orb of eyes (D)
  An ironbound frostheart (D)
  2 ogre magi (D)
  3 centaur warriors (D)
  A two-headed ogre (D)
  An alligator (D)
  3 deep troll shamans (D)
  2 boulder beetles (D)
  3 naga sharpshooters (D)
  Urug (D)
  2 deep troll earth magi (D)
  A tengu warrior (D)
  2 deep trolls (D)
  2 ironbound convokers (D)
  A wizard (D)
  5 orc knights (D)
  A lindwurm (D)
  A harpy (D)
  A mana viper (D)
  A manticore (D)
  4 cyclopes (D)
  A merfolk siren (D)
  A guardian serpent (D)
  2 vault sentinels (D)
  5 black mambas (D)
  Joseph (D)
  5 cane toads (D)
  A naga mage (D)
  A komodo dragon (D)
  4 trolls (D)
  4 polar bears (D)
  A merfolk (D)
  4 snapping turtles (D)
  A vampire (D)
  2 spriggans (D)
  3 yaks (D)
  A wyvern (D)
  Grum (D)
  Eustachio (D)
  A vampire mosquito (D)
  4 water moccasins (D)
  9 orc warriors (D)
  4 black bears (D)
  An ogre (D)
  4 wolves (D)
  A killer bee (D)
  3 howler monkeys (D)
  4 orc priests (D)
  2 iguanas (D)
  4 orc wizards (D)
  An adder (D)
  10 orcs (D)
  An endoplasm (D)
  2 hobgoblins (D)
  A ball python (D)
  A goblin (D)
166 creatures vanquished.

Vanquished Creatures (collateral kills)
  A sphinx (D)
  An ironbound preserver (D)
  An ironbound thunderhulk (D)
  2 dire elephants (D)
  An eleionoma (D)
  3 bunyips (D)
  An ettin (D)
  A fire dragon (D)
  An entropy weaver (D)
  An ogre mage (D)
  An ice dragon (D)
  A radroach (D)
  A deep troll shaman (D)
  A goliath frog (D)
  A sun moth (D)
  A pharaoh ant (D)
  A deep troll (D)
  An orc knight (D)
  A wolf spider (D)
  A manticore (D)
  2 trolls (D)
  A culicivora (D)
  2 redbacks (D)
28 creatures vanquished.

Grand Total: 194 creatures vanquished

Notes
Turn   | Place    | Note
-------+----------+-------------------------------------------
     0 | D        | retardedninja the Minotaur Berserker began the quest for
                  | the Orb.
     0 | D        | Reached XP level 1. HP: 19/19 MP: 0/0
     8 | D        | Reached ** piety under Trog
    94 | D        | Noticed an iguana
    94 | D        | Noticed an orc wizard
    94 | D        | Noticed an iguana
    99 | D        | Reached *** piety under Trog
   100 | D        | Reached skill level 5 in Axes
   100 | D        | Reached XP level 2. HP: 28/28 MP: 1/1
   102 | D        | Reached skill level 5 in Fighting
   102 | D        | Reached XP level 3. HP: 37/37 MP: 2/2
   112 | D        | Reached **** piety under Trog
   113 | D        | Reached XP level 4. HP: 41/45 MP: 3/3
   271 | D        | Found a snail-covered altar of Cheibriados.
   271 | D        | Found a shadowy altar of Dithmenos.
   271 | D        | Found a white marble altar of Elyvilon.
   271 | D        | Found a blossoming altar of Fedhas.
   271 | D        | Found an opulent altar of Gozag.
   272 | D        | Found a hazy altar of Hepliaklqana.
   273 | D        | Found a viscous altar of Jiyva.
   274 | D        | Found an ancient bone altar of Kikubaaqudgha.
   275 | D        | Found a corrupted altar of Lugonu.
   276 | D        | Found a burning altar of Makhleb.
   277 | D        | Found a sparkling altar of Nemelex Xobeh.
   278 | D        | Found an iron altar of Okawaru.
   279 | D        | Found a stormy altar of Qazlal.
   280 | D        | Found a sacrificial altar of Ru.
   281 | D        | Found a shimmering blue altar of Sif Muna.
   282 | D        | Found a bloodstained altar of Trog.
   283 | D        | Found a hide-covered altar of Uskayaw.
   284 | D        | Found a radiant altar of Vehumet.
   285 | D        | Found an ornate altar of the Wu Jian Council.
   286 | D        | Found a shimmering altar of Xom.
   287 | D        | Found a basalt altar of Yredelemnul.
   288 | D        | Found a glowing silver altar of Zin.
   289 | D        | Found a glowing golden altar of the Shining One.
   343 | D        | Noticed a yak
   343 | D        | Noticed a vampire
   343 | D        | Noticed a vampire mosquito
   348 | D        | Killed a vampire mosquito
   349 | D        | Reached skill level 10 in Axes
   349 | D        | Reached skill level 5 in Armour
   349 | D        | Reached XP level 5. HP: 45/56 MP: 4/4
   351 | D        | Reached skill level 1 in Stealth
   353 | D        | Reached skill level 5 in Dodging
   353 | D        | Reached XP level 6. HP: 53/64 MP: 5/5
   354 | D        | Killed a yak
   355 | D        | Reached skill level 10 in Fighting
   355 | D        | Killed a vampire
   355 | D        | Reached ***** piety under Trog
   356 | D        | Reached skill level 1 in Evocations
   356 | D        | Reached XP level 7. HP: 52/74 MP: 6/6
   432 | D        | Noticed an eight-headed hydra
   432 | D        | Noticed a two-headed ogre
   432 | D        | Noticed a centaur warrior
   432 | D        | Noticed a boulder beetle
   432 | D        | Noticed a cyclops
   439 | D        | Killed a cyclops
   440 | D        | Reached XP level 8. HP: 57/84 MP: 7/7
   440 | D        | Killed a boulder beetle
   440 | D        | Killed a centaur warrior
   441 | D        | Killed a two-headed ogre
   442 | D        | Reached XP level 9. HP: 66/96 MP: 8/8
   444 | D        | Killed a nine-headed hydra
   445 | D        | Reached skill level 15 in Fighting
   853 | D        | Noticed a black mamba
   853 | D        | Noticed a cane toad
   854 | D        | Killed a cane toad
   854 | D        | Reached ****** piety under Trog
   854 | D        | Noticed a black mamba
   855 | D        | Received a gift from Trog
   858 | D        | Noticed a cane toad
   864 | D        | Killed a black mamba
   865 | D        | Reached XP level 10. HP: 99/107 MP: 9/9
   867 | D        | Killed a black mamba
   868 | D        | Reached skill level 5 in Evocations
   872 | D        | Killed a cane toad
  1059 | D        | Noticed a cane toad
  1059 | D        | Noticed a cane toad
  1060 | D        | Noticed a cane toad
  1061 | D        | Killed a cane toad
  1065 | D        | Received a gift from Trog
  1067 | D        | Noticed a lindwurm
  1071 | D        | Killed a cane toad
  1072 | D        | Killed a cane toad
  1076 | D        | Killed a lindwurm
  1077 | D        | Received a gift from Trog
  1347 | D        | Reached skill level 10 in Armour
  1357 | D        | Reached XP level 11. HP: 91/118 MP: 10/10
  1357 | D        | Received a gift from Trog
  1461 | D        | Noticed Joseph
  1471 | D        | Killed Joseph
  1867 | D        | Noticed an orc knight
  1873 | D        | Received a gift from Trog
  1879 | D        | Killed an orc knight
  1890 | D        | Received a gift from Trog
  2212 | D        | Noticed an orc knight
  2219 | D        | Killed an orc knight
  2220 | D        | Noticed an orc knight
  2224 | D        | Noticed an orc knight
  2228 | D        | Received a gift from Trog
  2229 | D        | Noticed an orc knight
  2240 | D        | Killed an orc knight
  2245 | D        | Killed an orc knight
  2251 | D        | Killed an orc knight
  2520 | D        | Found Etethrume's Assorted Antiques.
  2520 | D        | Noticed a deep troll
  2520 | D        | Noticed an ogre mage
  2520 | D        | Noticed an ettin
  2522 | D        | Killed an ogre mage
  2522 | D        | Identified the +1 battleaxe of the Spinneret {heavy, rF+
                  | MP-9 Dex+2} (Trog gifted it to you in the Dungeon)
  2522 | D        | Received a gift from Trog
  2525 | D        | Noticed a deep troll
  2533 | D        | Killed a deep troll
  2543 | D        | Killed an ettin
  2544 | D        | Reached skill level 1 in Shields
  2545 | D        | Killed a deep troll
  2815 | D        | Found Ofroqodgh's Book Shop.
  2819 | D        | Found Kyvic's Book Boutique.
  2822 | D        | Found Qytosazy's Jewellery Shop.
  2824 | D        | Noticed a stone giant
  2825 | D        | Noticed a deep troll
  2830 | D        | Noticed an ogre mage
  2836 | D        | Killed a stone giant
  2841 | D        | Killed a deep troll
  2842 | D        | Reached XP level 12. HP: 76/133 MP: 3/11
  2844 | D        | Received a gift from Trog
  2850 | D        | Killed an ogre mage
  3108 | D        | Bought a +5 ring of evasion for 468 gold pieces
  3153 | D        | Noticed Eustachio
  3154 | D        | Noticed Urug
  3164 | D        | Killed Urug
  3170 | D        | Killed Eustachio
  3436 | D        | Noticed Grum
  3438 | D        | Received a gift from Trog
  3443 | D        | Killed Grum
  3496 | D        | Found the +8 trishula "Condemnation" {holy, anguish, *Noise
                  | Fly rN+}
  3618 | D        | Noticed a centaur warrior
  3618 | D        | Noticed a six-headed hydra
  3618 | D        | Noticed a centaur warrior
  3625 | D        | Killed a centaur warrior
  3626 | D        | Reached skill level 15 in Armour
  3626 | D        | Killed a six-headed hydra
  3627 | D        | Noticed an ogre mage
  3629 | D        | Noticed a fire dragon
  3629 | D        | Noticed an ice dragon
  3630 | D        | Killed a centaur warrior
  3631 | D        | Noticed a deep troll shaman
  3637 | D        | Received a gift from Trog
  3644 | D        | Killed an ogre mage
  3653 | D        | Noticed a tengu warrior
  3660 | D        | Killed a fire dragon
  3665 | D        | Killed an ice dragon
  3672 | D        | Killed a deep troll shaman
  3672 | D        | Received a gift from Trog
  3676 | D        | Noticed a spark wasp
  3677 | D        | Killed a tengu warrior
  3678 | D        | Noticed a deep troll earth mage
  3680 | D        | Noticed a deep troll shaman
  3684 | D        | Killed a spark wasp
  3685 | D        | Reached skill level 5 in Shields
  3688 | D        | Killed a deep troll earth mage
  3690 | D        | Killed a deep troll shaman
  4036 | D        | Noticed a bunyip
  4036 | D        | Noticed a bunyip
  4036 | D        | Noticed a bunyip
  4036 | D        | Noticed a ghost crab
  4036 | D        | Noticed a bunyip
  4041 | D        | Noticed an eleionoma
  4045 | D        | Killed a bunyip
  4046 | D        | Reached skill level 10 in Dodging
  4048 | D        | Killed a ghost crab
  4049 | D        | Reached XP level 13. HP: 145/145 MP: 4/12
  4060 | D        | Killed a bunyip
  4063 | D        | Killed a bunyip
  4063 | D        | Received a gift from Trog
  4064 | D        | Killed a bunyip
  4066 | D        | Killed an eleionoma
  4388 | D        | Noticed a merfolk impaler
  4415 | D        | Identified the +9 broad axe "Siukimuc" {flame, Contam rElec
                  | Str+3} (Trog gifted it to you in the Dungeon)
  4415 | D        | Received a gift from Trog
  4422 | D        | Killed a merfolk impaler
  4729 | D        | Received a gift from Trog
  4811 | D        | Received a gift from Trog
  4812 | D        | Reached skill level 27 in Axes
  4845 | D        | Received a gift from Trog
  5201 | D        | Noticed Saint Roka
  5215 | D        | Killed Saint Roka
  5295 | D        | Noticed a fire giant
  5295 | D        | Noticed a vampire knight
  5295 | D        | Noticed an ettin
  5299 | D        | Killed an ettin
  5299 | D        | Received a gift from Trog
  5300 | D        | Noticed a frost giant
  5300 | D        | Noticed a tengu reaver
  5305 | D        | Killed a vampire knight
  5306 | D        | Noticed a quicksilver dragon
  5309 | D        | Reached XP level 14. HP: 160/160 MP: 4/13
  5309 | D        | Noticed a fire giant
  5318 | D        | Killed a fire giant
  5318 | D        | Received a gift from Trog
  5322 | D        | Killed a frost giant
  5333 | D        | Killed a tengu reaver
  5334 | D        | Reached skill level 10 in Shields
  5336 | D        | Killed a quicksilver dragon
  5337 | D        | Noticed a fire giant
  5341 | D        | Killed a fire giant
  5341 | D        | Received a gift from Trog
  5354 | D        | Noticed a fire giant
  5359 | D        | Killed a fire giant
  5362 | D        | Received a gift from Trog
  5370 | D        | Killed a fire giant
  5375 | D        | Reached skill level 27 in Fighting
  5392 | D        | Noticed a frost giant
  5971 | D        | Killed a frost giant
  6550 | D        | Noticed a sphinx
  6550 | D        | Noticed an ironbound preserver
  6559 | D        | Killed an ironbound preserver
  6559 | D        | Received a gift from Trog
  6752 | D        | Reached skill level 15 in Dodging
  7155 | D        | Killed a sphinx
  7232 | D        | Received a gift from Trog
  7254 | D        | Noticed an orc warlord
  7260 | D        | Noticed a royal mummy
  7267 | D        | Killed an orc warlord
  7267 | D        | Received a gift from Trog
  7275 | D        | Killed a royal mummy
  7676 | D        | Noticed a sphinx
  7676 | D        | Noticed a vault warden
  7678 | D        | Noticed an ironbound thunderhulk
  7682 | D        | Killed a sphinx
  7682 | D        | Received a gift from Trog
  7686 | D        | Killed a vault warden
  7687 | D        | Noticed a sphinx
  7691 | D        | Noticed an ironbound thunderhulk
  7695 | D        | Killed an ironbound thunderhulk
  7695 | D        | Received a gift from Trog
  7699 | D        | Paralysed by a sphinx for 4 turns
  7701 | D        | Noticed an ironbound preserver
  7706 | D        | Killed a sphinx
  7712 | D        | Killed an ironbound thunderhulk
  7713 | D        | Reached XP level 15. HP: 139/174 MP: 4/14
  7715 | D        | Received a gift from Trog
  7852 | D        | Noticed Jory
  7853 | D        | Noticed Mennas
  7870 | D        | Killed Jory
  7874 | D        | HP: 7/174 [Mennas/+1 sacred scourge of holy wrath (19)]
  7875 | D        | HP: 3/174 [Mennas/+1 sacred scourge of holy wrath (5)]
  7876 | D        | Mangled by Mennas

Illustrated notes

Levels and vault maps discovered:
D:        linesprint [early_d, line_temple, items_1, d_10, items_2, lair_1,
          lair_end, items_3, orc_1, orc_end, items_4, d_15, swamp_1, shoals_1,
          snake_1, spider_1, d_20, vaults_1, items_5, swamp_end, shoals_end,
          snake_end, spider_end, vaults_end, d_27, items_6, zot_1, zot_end,
          crypt_end, forest_end, elf_end, slime_end, tomb_end, abyss_end,
          pan_hell_end]

Skill      XL: |  1  2  3  4  5  6  7  8  9 10 11 12 13 14 15 |
---------------+----------------------------------------------+-----
Fighting       | 4 5 6 8 9 11 12 14 15 17 20 21 24 27 | 27.0
Axes           | 5 6 7 10 11 13 14 17 18 21 23 25 27 | 27.0
Armour         | 3 5 6 7 8 10 14 17 19 22 23 | 23.3
Dodging        | 3 4 5 6 7 8 10 12 17 18 | 18.0
Stealth        | 1 2 3 4 |  4.6
Evocations     | 1 2 3 4 6 7 8 9 |  9.1
Shields        | 2 5 9 14 | 14.8

Action                     |  1- 3 |  4- 6 |  7- 9 | 10-12 | 13-15 || total
---------------------------+-------+-------+-------+-------+-------++-------
  Melee: Hand axe          |    24 |       |       |       |       ||    24
         Headbutt          |     4 |     1 |     2 |    41 |    62 ||   110
         Punch             |     1 |     1 |       |       |       ||     2
         Broad axe         |       |     6 |    13 |    50 |       ||    69
         Executioner's axe |       |       |       |   147 |   235 ||   382
 Invoke: Brothers in Arms  |       |       |       |     6 |     8 ||    14
         Berserk           |       |       |       |     1 |     2 ||     3
         Trog's Hand       |       |       |       |       |     3 ||     3
  Evoke: Wand              |       |     4 |     6 |     8 |     2 ||    20
    Use: Potion            |     1 |     2 |       |     5 |    10 ||    18
         Scroll            |       |       |     4 |       |     2 ||     6
 Armour: Chain mail        |       |     4 |     8 |    64 |       ||    76
         Fire dragon scale |       |       |       |    17 |    71 ||    88
         Plate armour      |       |       |       |       |    17 ||    17
  Dodge: Dodged            |    10 |     5 |    14 |    84 |   159 ||   272
  Block: Other             |       |       |       |    20 |    34 ||    54
         Reflection        |       |       |       |     1 |     1 ||     2

Table legend: (Time is in decaauts)
 A = Elapsed time spent in this place.
 B = Non-inter-level travel time spent in this place.
 C = Inter-level travel time spent in this place.
 D = Time resting spent in this place.
 E = Time spent auto-exploring this place.
 F = Levels seen in this place.
 G = Mean time per level.
                   A        B        C        D        E       F      G
               +--------+--------+--------+--------+--------+-----+--------+
         Total |   7796 |   7553 |    243 |   5280 |      0 |   1 | 7796.0 |
       Dungeon |   7796 |   7553 |    243 |   5280 |      0 |   1 | 7796.0 |
               +--------+--------+--------+--------+--------+-----+--------+

Top non-repeatable levels by time:
       D: 7796 daAuts
